 Dungeon Crawl Stone Soup version 0.31-a0-219-g8d62b2e7bb (webtiles) character file.

Game seed: 4761525897066866087

2361 funkygono the Cleaver (level 9, -7/69 (78) HPs)
             Began as a Minotaur Fighter on July 3, 2023.
             Was a Follower of Okawaru.
             Mangled by an orc knight
             ... wielding a +0 halberd
              (15 damage)
             ... in a bailey.
             The game lasted 00:09:45 (6736 turns).

funkygono the Cleaver (Minotaur Fighter)            Turns: 6736, Time: 00:09:46

HP:   -7/69 (78)    AC: 17    Str: 25    XL:     9   Next: 21%
MP:   7/8           EV:  9    Int:  5    God:    Okawaru [*.....]
Gold: 447           SH:  5    Dex: 10    Spells: 8/8 levels left

rFire   . . .        a - +0 war axe
rCold   . . .        c - +0 buckler
rNeg    . . .        m - +0 chain mail
rPois   .            (helmet restricted)
rElec   .            u - +1 cloak
rCorr   .            (no gloves)
SInv    .            (no boots)
Will    +....        (no amulet) Stlth
                     n - ring of willpower
HPRegen 0.31/turn    r - +4 ring of protection
MPRegen 0.11/turn

%: no passive effects
@: mighty, heavily drained
A: horns 2, retaliatory headbutt
a: Renounce Religion, Heroism


You were in a bailey.
You worshipped Okawaru.
Okawaru was aware of your devotion.
You visited 2 branches of the dungeon, and saw 8 of its levels.
You also visited: Sewer and Bailey.

You collected 447 gold pieces.

Inventory:

Hand Weapons
 a - a +0 war axe (weapon)
Missiles
 g - 66 stones
 h - 8 javelins
 p - 4 curare-tipped darts (quivered)
 t - a throwing net
 x - 18 poisoned darts
Armour
 c - a +0 buckler (worn)
 m - a +0 chain mail (worn)
 u - a +1 cloak (worn)
Jewellery
 n - a ring of willpower (left hand)
 o - a ring of resist corrosion
 r - a +4 ring of protection (right hand)
 y - a ring of ice
Wands
 e - a wand of flame (3)
 f - a wand of polymorph (8)
 l - a wand of paralysis (5)
 A - a wand of roots (7)
 F - a wand of quicksilver (10)
Scrolls
 k - 2 scrolls of teleportation
 s - 2 scrolls of butterflies
 w - a scroll of revelation
 C - 3 scrolls of fear
Potions
 b - 2 potions of mutation
 d - 3 potions of might
 i - a potion of invisibility
 j - a potion of heal wounds
 q - 2 potions of curing
 v - 6 potions of enlightenment
 z - 3 potions of attraction
 B - 2 potions of haste
 D - 4 potions of brilliance
 E - a potion of berserk rage {unknown}
 G - a potion of resistance {unknown}
 H - a potion of magic {unknown}


   Skills:
 + Level 6.5 Fighting
 + Level 9.9 Axes
 + Level 8.9 Armour
 + Level 2.4 Dodging
 + Level 0.6 Stealth
 + Level 5.8 Shields


You had 8 spell levels left.
You didn't know any spells.
Your spell library contained the following spells:

 Spells                   Type           Power      Damage    Failure   Level
 Lesser Beckoning         Tloc           0%         N/A       99%         2
 Gell's Gravitas          Tloc           0%         N/A       100%        3
 Teleport Other           Tloc           0%         N/A       100%        3
 Leda's Liquefaction      Hex/Erth       0%         N/A       100%        4
 Lee's Rapid Deconstruct  Erth           0%         3d4*      100%        5
 Leda's Unmaking          Conj/Erth      0%         9d1       100%        6
 Statue Form              Tmut/Erth      0%         N/A       100%        6


Dungeon Overview and Level Annotations

Branches:
Dungeon (7/15)             Temple (1/1) D:5           Sewer (visited)
 Bailey (1/1)

Altars:
Ashenzari
Cheibriados
Dithmenos
Elyvilon
Fedhas
Gozag
Hepliaklqana
Kikubaaqudgha
Makhleb
Okawaru
Qazlal
Sif Muna
Trog
Uskayaw
Xom
Yredelemnul
Zin
The Shining One

Shops:
D:3 =


Innate Abilities, Weirdness & Mutations

You have a pair of horns on your head.
You reflexively headbutt those who attack you in melee.


Message History

The orc knight attacks as you move away!
The orc knight closely misses you. You block the gnoll's attack.
The orc knight closely misses you.
There is a fountain of sparkling water here.
You block the gnoll's attack. The orc knight closely misses you.
You see here a potion of haste.
You hit the orc knight but do no damage.
You hit the gnoll.
The gnoll hits you with a +2 halberd of draining!
You feel drained. You block the orc knight's attack.
You barely miss the orc knight. Your headbutt misses the orc knight.
You hit the gnoll. You block the gnoll's attack.
The orc knight hits you with a +0 halberd.
Unknown command.
You closely miss the orc knight. You barely miss the gnoll.
You feel like a meek peon again. The gnoll hits you but does no damage.
You feel drained.
The orc knight hits you with a +0 halberd.
You closely miss the orc knight. You headbutt the orc knight!
The orc knight is moderately wounded.
You barely miss the gnoll. The gnoll barely misses you.
The orc knight hits you with a +0 halberd!
* * * LOW HITPOINT WARNING * * *
Unknown command.
You closely miss the orc knight. You headbutt the orc knight!
The orc knight is moderately wounded.
You hit the gnoll. The gnoll hits you but does no damage.
You feel drained.
The orc knight hits you with a +0 halberd!
* * * LOW HITPOINT WARNING * * *
You closely miss the orc knight.
The orc knight is moderately wounded.
You hit the gnoll.
You kill the gnoll!
Okawaru accepts your kill. The orc knight barely misses you.
Unknown command.
You closely miss the orc knight. You headbutt the orc knight.
The orc knight is heavily wounded.
The orc knight hits you with a +0 halberd!
You die...

##'##'##'###'##+##+
#)###)###)#.## #'#
### ##### #.##
##.#.#
##'##+##'###+##+##+
##.....## #!.!.!#
#.....### #.!.!.#
+..⌠..')# +!.⌠.!+
#.....### #)@.!.#
#.....## ##)o!.!#
+##+##'###'##+##+
##)).## #####


You could see an orc knight.

Vanquished Creatures
  Sigmund (D:5)
  A steam dragon (D:6)
  A water moccasin (D:7)
  An orc warrior (D:7)
  2 black bears (D:4)
  A sky beast (D:7)
  An ogre (D:4)
  A phantom (D:6)
  A bullfrog (D:7)
  A gnoll sergeant (D:6)
  A scorpion (D:5)
  6 wights
  2 hounds
  A jelly (D:6)
  5 iguanas
  6 orc wizards
  Robin (D:4)
  19 gnolls
  17 adders
  4 river rats (Sewer)
  4 ufetubi
  4 worms
  5 dart slugs
  25 orcs
  8 ball pythons
  15 bats
  8 endoplasms
  6 giant cockroaches
  8 hobgoblins
  6 jackals
  4 quokkas
  2 frilled lizards (D:1)
  18 goblins
  8 kobolds
  7 rats
201 creatures vanquished.

Notes
Turn   | Place    | Note
-------+----------+-------------------------------------------
     0 | D:1      | funkygono the Minotaur Fighter began the quest for the Orb.
     0 | D:1      | Reached XP level 1. HP: 19/19 MP: 0/0
    74 | D:1      | Reached XP level 2. HP: 25/27 MP: 1/1
   451 | D:1      | Reached XP level 3. HP: 32/33 MP: 2/2
   496 | D:1      | Found a faded altar of an unknown god.
   711 | D:2      | Reached skill level 3 in Axes
   987 | D:2      | Reached XP level 4. HP: 40/40 MP: 3/3
  1538 | D:3      | Found a glowing drain.
  1560 | D:3      | Reached skill level 5 in Armour
  1572 | Sewer    | Entered a sewer
  1620 | Sewer    | Reached XP level 5. HP: 45/47 MP: 4/4
  1622 | Sewer    | Reached skill level 4 in Axes
  1759 | Sewer    | Reached skill level 5 in Axes
  2211 | D:3      | Found Guockam's Jewellery Shoppe.
  2850 | D:4      | Reached XP level 6. HP: 53/53 MP: 5/5
  2932 | D:4      | Reached skill level 6 in Axes
  3044 | D:4      | Found a bloodstained altar of Trog.
  3058 | D:4      | Reached skill level 5 in Fighting
  3362 | D:4      | Reached XP level 7. HP: 25/61 MP: 6/6
  3498 | D:4      | Noticed Robin
  3508 | D:4      | Killed Robin
  3670 | D:4      | Reached skill level 7 in Axes
  3670 | D:4      | Reached skill level 1 in Dodging
  4207 | D:5      | Entered Level 5 of the Dungeon
  4324 | D:5      | Noticed Sigmund
  4330 | D:5      | Killed Sigmund
  4331 | D:5      | Reached skill level 5 in Shields
  4542 | D:5      | Reached XP level 8. HP: 69/69 MP: 7/7
  4633 | D:5      | Found a staircase to the Ecumenical Temple.
  4639 | Temple   | Entered the Ecumenical Temple
  4639 | Temple   | Found a transporter.
  4639 | Temple   | Found a transporter.
  4641 | Temple   | Found a transporter.
  4641 | Temple   | Found a transporter.
  4931 | D:5      | Found an iron altar of Okawaru.
  4939 | D:5      | Became a worshipper of Warmaster Okawaru
  4944 | D:5      | Reached skill level 8 in Axes
  5194 | D:6      | Found a blossoming altar of Fedhas.
  5500 | D:6      | Reached * piety under Okawaru
  5501 | D:6      | Reached skill level 9 in Axes
  5922 | D:6      | Identified the +0 robe of Parsimonious Life {rN+}
  6263 | D:7      | Reached XP level 9. HP: 59/75 MP: 8/8
  6328 | D:7      | Found a flagged portal.
  6393 | Bailey   | Entered a bailey
  6570 | Bailey   | Reached ** piety under Okawaru
  6717 | Bailey   | Noticed an orc knight
  6736 | Bailey   | Mangled by an orc knight

Illustrated notes

Levels and vault maps discovered:
D:1:      lightli_arrival_noodles, layout_basic,
          dreamdust_ecumenical_altar_statues
D:2:      layout_rooms, minmay_misc_feat_encased
D:3:      layout_basic, serial_shops, shop, gup_sewer_entry_glass
D:4:      minmay_evil_eye, layout_cave_pods, trog_three_pillars_becter,
          uniq_robin
D:5:      layout_basic, okawaru_trees_1, minmay_temple_entry_gardened_gates,
          uniq_sigmund
D:6:      layout_rooms, mainiacjoe_overflow_catwalk
D:7:      layout_rooms, mainiacjoe_overflow_alcove_2, enter_bailey_3,
          uniq_crazy_yiuf_cottage
Temple:   hellmonk_temple_divided_pantheon
Bailey:   bailey_polearm_nasty_gnolls, bailey

Skill      XL: |  1  2  3  4  5  6  7  8  9 |
---------------+----------------------------+-----
Shields        | 4 5 |  5.8
Armour         | 4 5 6 8 |  8.9
Fighting       | 4 5 6 |  6.5
Axes           | 3 5 6 7 9 |  9.9
Dodging        | 1 2 |  2.4
Stealth        | |  0.6

Action                     |  1- 3 |  4- 6 |  7- 9 || total
---------------------------+-------+-------+-------++-------
  Melee: War axe           |    70 |   166 |   248 ||   484
         Headbutt          |     8 |    15 |    41 ||    64
  Throw: Dart              |       |     1 |       ||     1
 Invoke: Heroism           |       |       |     1 ||     1
    Use: Scroll            |       |    13 |     4 ||    17
         Potion            |       |       |     1 ||     1
 Armour: Scale mail        |    41 |       |       ||    41
         Chain mail        |       |   113 |   173 ||   286
  Dodge: Dodged            |    43 |    82 |   121 ||   246
  Block: Buckler           |    18 |    32 |    74 ||   124

Table legend: (Time is in decaauts)
 A = Elapsed time spent in this place.
 B = Non-inter-level travel time spent in this place.
 C = Inter-level travel time spent in this place.
 D = Time resting spent in this place.
 E = Time spent auto-exploring this place.
 F = Levels seen in this place.
 G = Mean time per level.
                   A        B        C        D        E       F      G
               +--------+--------+--------+--------+--------+-----+--------+
         Total |   6994 |   6819 |    175 |    241 |   4868 |  10 |  699.4 |
       Dungeon |   5813 |   5649 |    164 |    241 |   4006 |   7 |  830.4 |
        Temple |     33 |     23 |     10 |      0 |      6 |   1 |   33.0 |
         Sewer |    804 |    804 |      0 |      0 |    572 |   1 |  804.0 |
        Bailey |    342 |    342 |      0 |      0 |    284 |   1 |  342.0 |
               +--------+--------+--------+--------+--------+-----+--------+

Top non-repeatable levels by time:
     D:4: 1384 daAuts
     D:5: 955 daAuts
     D:3: 950 daAuts
     D:6: 857 daAuts
   Sewer: 804 daAuts
     D:1: 722 daAuts
     D:2: 587 daAuts
     D:7: 355 daAuts
  Bailey: 342 daAuts
  Temple: 33 daAuts
